 Dungeon Crawl Stone Soup version 0.21-a0-133-gf55ed5b (webtiles) character file.

434 grindst0ne the Grave Robber (level 7, -7/61 HPs)
             Began as a Hill Orc Necromancer on July 17, 2017.
             Mangled by Duvessa
             ... wielding a +6 short sword of freezing
              (19 damage)
             ... on level 4 of the Dungeon.
             The game lasted 00:12:10 (4686 turns).

grindst0ne the Grave Robber (Hill Orc Necromancer)  Turns: 4686, Time: 00:12:10

Health: -7/61      AC:  5    Str: 11    XL:     7   Next: 0%
Magic:  9/9        EV: 11    Int: 17    God:
Gold:   188        SH:  0    Dex: 11    Spells: 7/9 levels left

rFire    . . .     SeeInvis .   z - +2 dagger (drain)
rCold    . . .     Gourm    +   (no shield)
rNeg     . . .     Faith    .   h - +0 leather armour
rPois    .         Spirit   .   A - +0 helmet
rElec    .         Reflect  .   (no cloak)
rCorr    .         Harm     .   o - +0 pair of gloves (curse)
MR       .....                  (no boots)
Stlth    +.........             l - amulet of the gourmand
HPRegen  0.20/turn              (no ring)
MPRegen  0.11/turn              (no ring)

@: no status effects
A: no striking features
a: no special abilities


You were on level 4 of the Dungeon.
You were completely stuffed.

You visited 1 branch of the dungeon, and saw 4 of its levels.

You collected 188 gold pieces.

Inventory:

Hand Weapons
 g - a +0 dagger
 p - a +0 short sword of speed
 v - a -2 hand axe
 z - a +2 dagger of draining (weapon)
Armour
 a - a +0 robe
 h - a +0 leather armour (worn)
 o - a cursed +0 pair of gloves (worn)
 A - a +0 helmet (worn)
Jewellery
 l - an amulet of the gourmand (around neck)
Wands
 x - a wand of flame (3/48)
Scrolls
 d - 2 scrolls of amnesia
Potions
 j - a potion of ambrosia {unknown}
 k - 2 potions of might
 m - 2 potions of lignification {unknown}
 r - a potion of invisibility {unknown}
 s - a potion of brilliance {unknown}
 t - 2 potions of degeneration {unknown}
Books
 b - a book of Necromancy

   Spells                             Type                      Level
   a - Pain                           Necromancy                   1
   b - Animate Skeleton               Necromancy                   1
   c - Vampiric Draining              Necromancy                   3
   d - Regeneration                   Charms/Necromancy            3
   e - Animate Dead                   Necromancy                   4
   f - Control Undead                 Necromancy                   4
 w - a book of Changes

   Spells                             Type                      Level
   a - Beastly Appendage              Transmutation                1
   b - Sticks to Snakes               Transmutation                2
   c - Spider Form                    Transmutation/Poison         3
   d - Ice Form                       Ice/Transmutation            4
   e - Blade Hands                    Transmutation                5
Comestibles
 c - 5 bread rations
 f - 5 royal jellies
 n - a meat ration
 u - 9 chunks of flesh


   Skills:
 + Level 5.4 Fighting
 - Level 1.5 Dodging
 - Level 1.5 Stealth
 - Level 1.5 Spellcasting
 + Level 6.5 Necromancy


You had 7 spell levels left.
You knew the following spells:

 Your Spells              Type           Power        Failure   Level  Hunger
a - Pain                  Necr           ###.         1%          1    ##.....
b - Animate Skeleton      Necr           N/A          1%          1    ##.....


Dungeon Overview and Level Annotations

Branches:
Dungeon (4/15)
 Temple: D:4-7

Altars:
Trog
Zin

Annotations:
D:4 Duvessa


Message History

That item cannot be evoked!
Evoke which item? (* to show all) (? for menu, Esc to quit)
Okay, then.
Okay, then.
You feel better.
Duvessa hits you with a short sword of freezing.
* * * LOW HITPOINT WARNING * * *
Duvessa freezes you.
* * * LOW HITPOINT WARNING * * *
Okay, then.
As you read the scroll labeled MOMEIB KYJENAE, it crumbles to dust.
You feel aware of your surroundings.
It was a scroll of magic mapping.
Duvessa barely misses you. The orc hits you but does no damage.
Duvessa closely misses you.
An orc comes into view. It is wielding a dagger.
As you read the scroll labeled BOGAEK HUFUF, it crumbles to dust.
The scroll dissolves into smoke.
It was a scroll of fog.
The orc barely misses you.
Duvessa hits you with a short sword of freezing!!
You die...

* **,,*#.**
##..............,
**,..**####.#............,
*##.#*#.................,
*#.####..#...#........*
#..#######(#[##......,
*#..##.###...##......,
#.§##...............,
##..§§§§....##.......,
##...§@o........##....,
#...§§§e§...o..##,.##.,
#>...§#..##.####*,,*,,,
#.......####.#**,,,,,,,
#.......#####..,*,,,,,,
##..##...##.####**,,,,,
#####.#.....Z## *,*,,,
###.####.Z##***,,* ##.#
###.##*,,**


You could see Duvessa (berserk) and 2 orcs.

Vanquished Creatures
  Dowan (D:4)
  A centaur zombie (D:3)
  A hound (D:4)
  An orc priest (D:3)
  Natasha (twice) (D:2 D:3)
  Robin (D:4)
  3 adders (D:2)
  2 worms (D:3)
  3 leopard geckos (D:3)
  3 orcs
  A ball python (D:1)
  5 bats
  14 giant cockroaches
  18 goblins
  7 hobgoblins
  2 jackals (D:1)
  A frilled lizard (D:3)
  4 kobolds
  A quokka skeleton (D:4)
  4 rats
75 creatures vanquished.

Vanquished Creatures (collateral kills)
  Menkaure (D:4)
  Natasha (D:2)
  2 bats
  A giant cockroach (D:2)
  A quokka (D:2)
  A frilled lizard (D:3)
7 creatures vanquished.

Grand Total: 82 creatures vanquished

Notes
Turn   | Place    | Note
-------+----------+-------------------------------------------
     0 | D:1      | grindst0ne the Hill Orc Necromancer began the quest for the Orb.
     0 | D:1      | Reached XP level 1. HP: 14/14 MP: 3/3
   665 | D:1      | Reached XP level 2. HP: 18/22 MP: 4/4
   669 | D:1      | Learned a level 1 spell: Animate Skeleton
   842 | D:1      | Reached skill level 1 in Fighting
  1142 | D:2      | Reached XP level 3. HP: 20/28 MP: 0/5
  1616 | D:2      | Noticed Natasha
  1633 | D:2      | Reached XP level 4. HP: 29/37 MP: 0/6
  1678 | D:2      | Killed Natasha
  1678 | D:2      | Reached skill level 5 in Necromancy
  2064 | D:2      | Noticed Natasha
  2079 | D:2      | Killed Natasha
  2340 | D:3      | Found a glowing silver altar of Zin.
  2351 | D:3      | Reached XP level 5. HP: 19/46 MP: 1/7
  2922 | D:3      | Found a bloodstained altar of Trog.
  3107 | D:3      | Noticed Natasha
  3115 | D:3      | Killed Natasha
  3668 | D:3      | Reached XP level 6. HP: 49/53 MP: 4/8
  3819 | D:4      | Noticed Dowan
  3921 | D:4      | Killed Dowan
  3921 | D:4      | Reached skill level 6 in Necromancy
  4165 | D:4      | Noticed Menkaure
  4176 | D:4      | Killed Menkaure
  4176 | D:4      | Reached skill level 5 in Fighting
  4409 | D:4      | Noticed Robin
  4478 | D:4      | Killed Robin
  4478 | D:4      | Reached XP level 7. HP: 34/61 MP: 1/9
  4676 | D:4      | Noticed Duvessa
  4686 | D:4      | Mangled by Duvessa

Vault maps used:
D:1:      roderic_crossed_star, minmay_misc_feat_columns,
          kennysheep_decorative_pillar, minivault_25
D:2:      minmay_roachtagon, minivault_19, uniq_natasha
D:3:      lemuel_crystal_altar, first_bread, trog_butcher_becter
D:4:      uniq_ijyb, uniq_edmund, uniq_robin, uniq_duvessa, uniq_menkaure

Skill      XL: |  1  2  3  4  5  6 |
---------------+-------------------+-----
Fighting       | 1 2 3 4 5 |  5.4
Necromancy     | 5 6 |  6.5
Dodging        | |  1.5
Stealth        | |  1.5
Spellcasting   | |  1.5

Action                   |  1- 3 |  4- 6 |  7- 9 || total
-------------------------+-------+-------+-------++-------
Melee: Dagger            |    66 |    54 |     5 ||   125
       Unarmed           |     2 |       |       ||     2
       Short sword       |       |    87 |       ||    87
 Cast: Pain              |    43 |    66 |     2 ||   111
       Animate Skeleton  |     5 |    11 |     2 ||    18
  Use: Scroll            |       |     4 |     3 ||     7
       Potion            |       |     2 |     1 ||     3
 Stab: Sleeping          |     1 |     1 |       ||     2
  Eat: Chunk             |    13 |    13 |     2 ||    28
Armor: Leather armour    |    36 |    47 |     2 ||    85
       Robe              |     1 |       |       ||     1
Dodge: Dodged            |    57 |   109 |     6 ||   172
